Map: Бюро находок РВ

Players

HOPERHAF

  • Race: Zerg Zerg
  • League: Diamond
  • Spawn Location: 7:00

ИИ 2 (новичок) - Winner!

  • Race: Zerg Zerg
  • Spawn Location: 1:00

VOD

Have the link to the VOD?

Description

Time

  • Played on: May 28, 2018, 3:48 p.m.
  • Length: 2:25
Show
View Real Time Build Order
Export as new Build Order

HOPERHAF Zerg 

Build Orders: Pool First 

Get SALT Encoding   

  12  0:13  Extractor  
  11  0:20  Spawning Pool  
  10  0:24  Drone  
  11  0:30  Drone  
  12  0:40  Drone  
  12  0:42  Drone  
  14  0:52  Overlord  
  14  1:10  Zergling x2  
  16  1:11  Zergling x2  
  16  1:25  Zergling x2  
  16  1:31  Zergling x2  
  18  1:42  Zergling x2  
  19  1:49  Hatchery  
  19  1:54  Zergling x2  
  19  2:03  Zergling x2  
Show
View Real Time Build Order
Export as new Build Order

ИИ 2 (новичок) Zerg - Winner!

Build Orders: Pool Only 

Get SALT Encoding   

  12  0:01  Drone  
  13  0:12  Overlord  
  13  0:16  Drone  
  14  0:35  Spawning Pool  
  14  0:37  Extractor  
  14  0:39  Drone  
  13  0:47  Drone  
  14  0:52  Overlord  
  14  1:22  Zergling x2  
  14  1:24  Queen  
  17  1:30  Roach Warren  
  16  1:34  Drone  
  16  1:37  Extractor  
  16  1:42  Drone  
  16  1:43  Zergling x2  
  18  1:55  Drone  
  19  2:03  Zergling x2  
  19  2:06  Drone  
Tags
 
Add a new tag
Caveats
  • Supply blocks, unpowered buildings, or Contaminate may cause inaccurate times.
  • Supply counts are checked every 10 seconds.